 Dungeon Crawl Stone Soup version 0.31-a0-626-g8143ab4f1d (webtiles) character file.

Game seed: 3447478064048391241

96 Aj7335 the Chopper (level 4, -13/41 HPs)
             Began as a Hill Orc Monk on Aug 23, 2023.
             Was a Believer of Beogh.
             Killed from afar by Ijyb (17 damage)
             ... with a bolt of dispelling energy
             ... on level 3 of the Dungeon on Aug 24, 2023.
             The game lasted 00:07:28 (1938 turns).

Aj7335 the Chopper (Hill Orc Monk)                  Turns: 1938, Time: 00:07:33

Health: -13/41     AC:  6    Str: 13    XL:     4   Next: 67%
Magic:  4/4        EV: 10    Int: 10    God:    Beogh [**....]
Gold:   147        SH:  0    Dex: 15    Spells: 3/3 levels left

rFire   + . .        o - +1 hand axe (heavy)
rCold   x . .        d - orb {light}
rNeg    . . .        k - +0 scale mail
rPois   .            (no helmet)
rElec   .            (no cloak)
rCorr   .            (no gloves)
SInv    .            (no boots)
Will    .....        (no amulet) Stlth
                     i - ring of fire
HPRegen 0.26/turn    (no ring)
MPRegen 0.09/turn

%: no passive effects
@: glowing
A: no striking features
a: Renounce Religion, Smiting


You were on level 3 of the Dungeon.
You worshipped Beogh.
Beogh was pleased with you.
You visited 1 branch of the dungeon, and saw 3 of its levels.

You collected 147 gold pieces.

Inventory:

Hand Weapons
 a - a +0 hand axe
 o - a +1 heavy hand axe (weapon)
Armour
 b - a +0 robe
 d - an orb of light (worn)
 k - a +0 scale mail (worn)
Jewellery
 i - a ring of fire (left hand)
Talismans
 h - a serpent talisman
Scrolls
 f - 3 scrolls of fear
 l - 8 scrolls of identify
Potions
 c - a potion of ambrosia
 e - a potion of attraction {unknown}
 g - a potion of curing {unknown}
 j - a potion of heal wounds {unknown}
 m - a potion of might {unknown}
 n - 2 potions of mutation {unknown}


   Skills:
 + Level 4.4 Fighting
 + Level 5.4 Axes
 + Level 1.4 Armour
 + Level 2.9 Dodging


You had 3 spell levels left.
You didn't know any spells.
Your spell library contained the following spells:

 Spells                   Type           Power      Damage    Failure   Level
 Portal Projectile        Hex/Tloc       0%         N/A       99%         3
 Stone Arrow              Conj/Erth      0%         3d7       99%         3
 Tukima's Dance           Hex            0%         N/A       99%         3
 Animate Armour           Summ/Erth      0%         N/A       100%        4
 Iskenderun's Mystic Bla  Conj/Tloc      0%         2d3       100%        4
 Lehudib's Crystal Spear  Conj/Erth      0%         10d2      100%        8


Dungeon Overview and Level Annotations

Branches:
Dungeon (3/15)

Altars:

Annotations:
D:3 Ijyb


Message History

Things that are here:
a +1 heavy hand axe; a +0 mace; an orc corpse
o - a +1 heavy hand axe
o - a +1 heavy hand axe (weapon)
Found an escape hatch in the floor.
Found a stone staircase leading down.
Found a stone staircase leading down.
Found a scroll labelled PIANIFRISK.
Found a stone staircase leading up.
You swap places.
You swap places.
There is a stone staircase leading down here.
You swap places.
p - a scroll labelled PIANIFRISK No target in view!
Ijyb the Twisted Goblin comes into view.
She is wielding a +0 dagger and carrying a wand of quicksilver.
Ijyb shouts!
Ijyb zaps a wand.
The bolt of dispelling energy hits you!
Ijyb is nearby!
Ijyb zaps a wand.
The bolt of dispelling energy hits you!
* * * LOW HITPOINT WARNING * * *
Ijyb is nearby!
Ijyb is nearby!
You are too injured to fight recklessly!
Ijyb is nearby!
You are too injured to fight recklessly!
Ijyb throws a stone.
The stone barely misses you.
Ijyb zaps a wand.
The bolt of dispelling energy hits you!
* * * LOW HITPOINT WARNING * * *
As you read the scroll labelled FEHAXKU YSSU, it crumbles to dust.
It is a scroll of identify.
f - 3 scrolls of fear Ijyb throws a stone.
The stone hits you but does no damage.
Blink to where?
Press: ? - help, Dir - move target
As you read the scroll labelled PIANIFRISK, it crumbles to dust.
It was a scroll of blinking.
Ijyb screams, "Me stronger than you!"
Ijyb zaps a wand.
The bolt of dispelling energy hits you!
You die...

#..<.......# ..............†....
#..........# ................)##
#........§.# ########.........#
#...>o.....####................#
#.........g......[.............#
#####..........................#
#>.........................#
#.....o.....†........#######
#..>........@...######
#..........)....#
#..........))...#
#...............#
#..................
#..........###......
########.### ...... #.# ......
... ......


You could see Ijyb and a neutral orc (wandering).

Vanquished Creatures
  2 adders (D:2)
  A worm (D:2)
  2 dart slugs (D:1)
  3 orcs (D:3)
  4 bats
  7 endoplasms
  2 giant cockroaches
  4 goblins
  4 hobgoblins (D:1)
  4 jackals (D:1)
  6 kobolds
  A quokka (D:2)
  A ball python (D:2)
  3 frilled lizards
  3 rats
47 creatures vanquished.

Vanquished Creatures (others)
  An orc wizard (D:3)
  An orc (D:3)
2 creatures vanquished.

Grand Total: 49 creatures vanquished

Notes
Turn   | Place    | Note
-------+----------+-------------------------------------------
     0 | D:1      | Aj7335 the Hill Orc Monk began the quest for the Orb.
     0 | D:1      | Reached XP level 1. HP: 19/19 MP: 1/1
    16 | D:1      | Reached XP level 2. HP: 18/27 MP: 2/2
   288 | D:1      | Upgraded the game from 0.31-a0-620-gd1cbd99268 to
                  | 0.31-a0-626-g8143ab4f1d
   371 | D:1      | Reached XP level 3. HP: 28/33 MP: 3/3
  1274 | D:2      | Reached skill level 1 in Armour
  1291 | D:2      | Reached skill level 5 in Axes
  1291 | D:2      | Reached XP level 4. HP: 41/41 MP: 4/4
  1786 | D:3      | Became a worshipper of Beogh the Brigand
  1786 | D:3      | Reached * piety under Beogh
  1786 | D:3      | Reached ** piety under Beogh
  1927 | D:3      | Noticed Ijyb
  1931 | D:3      | HP: 2/41 [Ijyb/bolt of dispelling energy (8)]
  1938 | D:3      | Killed from afar by Ijyb

Illustrated notes

Levels and vault maps discovered:
D:1:      dpeg_arrival_simpleton_b, layout_basic
D:2:      layout_rooms, lightli_corner_chamber
D:3:      layout_basic, uniq_ijyb

Skill      XL: |  1  2  3 |
---------------+----------+-----
Fighting       | 4 |  4.4
Armour         | 1 |  1.4
Axes           | 5 |  5.4
Dodging        | |  2.9

Action                     |  1- 3 |  4- 6 || total
---------------------------+-------+-------++-------
  Melee: Hand axe          |    87 |    41 ||   128
 Invoke: Convert to Beogh  |       |     1 ||     1
    Use: Scroll            |       |     2 ||     2
 Armour: Robe              |    13 |       ||    13
         Scale mail        |    17 |    17 ||    34
  Dodge: Dodged            |    43 |    18 ||    61
         Form:             |     1 |       ||     1
         Anaconda          |     1 |       ||     1

Table legend: (Time is in decaauts)
 A = Elapsed time spent in this place.
 B = Non-inter-level travel time spent in this place.
 C = Inter-level travel time spent in this place.
 D = Time resting spent in this place.
 E = Time spent auto-exploring this place.
 F = Levels seen in this place.
 G = Mean time per level.
                   A        B        C        D        E       F      G
               +--------+--------+--------+--------+--------+-----+--------+
         Total |   1944 |   1865 |     79 |    216 |   1299 |   3 |  648.0 |
       Dungeon |   1944 |   1865 |     79 |    216 |   1299 |   3 |  648.0 |
               +--------+--------+--------+--------+--------+-----+--------+

Top non-repeatable levels by time:
     D:1: 960 daAuts
     D:2: 709 daAuts
     D:3: 274 daAuts
